 Dungeon Crawl Stone Soup version 0.18.1-48-g4cf74bf (webtiles) character file.

152 Gargoyl the Skirmisher (level 5, -1/42 HPs)
             Began as a Demonspawn Abyssal Knight on June 25, 2016.
             Was a Believer of Lugonu.
             Slain by Kloppie's ghost (2 damage)
             ... on level 3 of the Dungeon.
             The game lasted 00:03:56 (2369 turns).

Gargoyl the Skirmisher (Demonspawn Abyssal Knight)  Turns: 2369, Time: 00:03:57

Health: -1/42      AC: 11    Str: 13    XL:     5   Next: 11%
Magic:  6/6        EV:  3    Int: 14    God:    Lugonu [**....]
Gold:   147        SH:  0    Dex: 12    Spells: 0 memorised, 4 levels left

rFire  . . .     SeeInvis .     a - +1 hand axe
rCold  . . .     Gourm    .     e - +0 plate armour
rNeg   . . .     Faith    .     (no shield)
rPois  .         Spirit   .     (no helmet)
rElec  .         Dismiss  .     (no cloak)
rCorr  .         Reflect  .     (no gloves)
SustAt .         Harm     .     (no boots)
MR     .....                    (no amulet)
Stlth  ..........               (no ring)
                                (no ring)

@: not resistant to hostile enchantments, extremely unstealthy
A: demonic guardian 1
a: Depart the Abyss, Bend Space, Renounce Religion


You were on level 3 of the Dungeon.
You worshipped Lugonu.
Lugonu was pleased with you.
You were very hungry.

You visited 1 branch of the dungeon, and saw 3 of its levels.
You visited the Abyss 1 time.

You collected 147 gold pieces.

Inventory:

Hand Weapons
 a - a +1 hand axe (weapon)
Armour
 e - a +0 plate armour (worn)
Wands
 b - a wand of flame (22/48)
Scrolls
 f - a scroll of fog {unknown}
 g - 2 scrolls of identify {unknown}
Potions
 d - 3 potions of degeneration
 h - 2 potions of curing
Comestibles
 c - 2 bread rations


   Skills:
 + Level 4.1 Fighting
 + Level 2.4 Axes
 * Level 3.6 Armour
 + Level 1.1 Dodging
 + Level 2.6 Invocations


You had 4 spell levels left.
You didn't know any spells.

Dungeon Overview and Level Annotations

Branches:
Dungeon (3/15)

Altars:

Annotations:
D:3 Kloppie's ghost, amateur MiBe


Innate Abilities, Weirdness & Mutations

A weak demonic guardian rushes to your aid.


Message History

Unknown command.
You slash Kloppie's ghost!
Kloppie's ghost is severely damaged.
Kloppie's ghost hits you.
* * * LOW HITPOINT WARNING * * *
Your iron imp hits Kloppie's ghost!
Unknown command.
You closely miss Kloppie's ghost.
Kloppie's ghost is almost destroyed.
Kloppie's ghost hits you.
* * * LOW HITPOINT WARNING * * *
Your iron imp barely misses Kloppie's ghost.
Unknown command.
Your plate armour prevents you from hitting Kloppie's ghost.
Kloppie's ghost is almost destroyed.
Kloppie's ghost hits you.
* * * LOW HITPOINT WARNING * * *
Your iron imp barely misses Kloppie's ghost.
Kloppie's ghost hits you.
You die...

...>.............###..##
..........##.#.....#...#
..........##.##........#
..........##.###...#.#..
..........##..........#.
####.#######...........#
##.# #...........# #..#
#....%....... #.##
#....@....... #.#
#....W....... ###.#
...#...5.....### #...#
............## #.###
...........# #.#
...........# #.#
###.#####..# #.#
#....(...## #...
#.##########.........#
####....


You could see Kloppie's ghost and a friendly iron imp.

Vanquished Creatures
  A hound (D:3)
  Terence (D:3)
  4 adders (D:2)
  2 worms (D:2)
  2 dart slugs
  A giant gecko (D:2)
  2 giant cockroaches
  10 goblins
  6 hobgoblins
  4 jackals (D:2)
  3 kobolds
  7 bats
  6 giant newts
  4 rats
53 creatures vanquished.

Vanquished Creatures (collateral kills)
  A hobgoblin (D:3)
1 creature vanquished.

Grand Total: 54 creatures vanquished

Notes
Turn   | Place    | Note
--------------------------------------------------------------
     0 | Abyss:1  | Gargoyl the Demonspawn Abyssal Knight began the quest for the Orb.
     0 | Abyss:1  | Reached XP level 1. HP: 18/18 MP: 2/2
    41 | Abyss:2  | Noticed a wolf spider zombie
    48 | D:1      | Escaped the Abyss
   102 | D:1      | Reached * piety under Lugonu
   121 | D:1      | Gained mutation: A weak demonic guardian rushes to your aid. [demonic ancestry]
   121 | D:1      | Reached XP level 2. HP: 24/24 MP: 3/3
   788 | D:2      | Reached XP level 3. HP: 30/30 MP: 4/4
   951 | D:2      | Reached ** piety under Lugonu
   951 | D:2      | Reached skill level 4 in Fighting
  1059 | D:2      | HP: 1/30 [poisoned by an adder]
  1064 | D:2      | Reached skill level 1 in Dodging
  1314 | D:2      | Reached XP level 4. HP: 12/37 MP: 5/5
  2177 | D:3      | Noticed Terence
  2184 | D:3      | Killed Terence
  2328 | D:3      | Reached XP level 5. HP: 34/42 MP: 6/6
  2352 | D:3      | Noticed Kloppie's ghost (amateur MiBe)
  2369 | D:3      | HP: 1/42 [Kloppie's ghost (6)]
  2369 | D:3      | Slain by Kloppie's ghost

Skill      XL: |  1  2  3  4 |
---------------+-------------+-----
Armour         | 2 3 |  3.6
Axes           | 2 |  2.4
Fighting       | 4 |  4.1
Dodging        | 1 |  1.1
Invocations    | |  2.6

Action                   |  1- 3 |  4- 6 || total
-------------------------+-------+-------++-------
Melee: Hand axe          |   134 |    75 ||   209
Invok: Depart the Abyss  |     1 |       ||     1
  Use: Potion            |     3 |     1 ||     4
  Eat: Chunk             |       |     4 ||     4
Armor: Plate armour      |   134 |    55 ||   189
       Leather armour    |     3 |       ||     3
Dodge: Dodged            |    52 |    13 ||    65
